 Dungeon Crawl Stone Soup version 0.23.1-37-gaa34b87 (webtiles) character file.

Game seed: 1871920240715335928

118 vishdafish the Insei (level 5, -6/33 HPs)
             Began as an Octopode Transmuter on Mar 20, 2019.
             Was an Initiate of Cheibriados.
             Killed by divine providence
             ... invoked by an orc priest
              (16 damage)
             ... on level 3 of the Dungeon.
             The game lasted 00:02:05 (2365 turns).

vishdafish the Insei (Octopode Transmuter)          Turns: 2365, Time: 00:02:06

Health: -6/33      AC:  1    Str: 12    XL:     5   Next: 2%
Magic:  8/8        EV: 13    Int: 16    God:    Cheibriados [......]
Gold:   109        SH:  0    Dex: 13    Spells: 5/8 levels left

rFire    . . .     SeeInvis .     - Unarmed
rCold    . . .     Gourm    .   (no shield)
rNeg     . . .     Faith    .   (helmet restricted)
rPois    .         Spirit   .   (no amulet)
rElec    .         Reflect  .   (no ring)
rCorr    .         Harm     .   (no ring)
MR       .....                  (no ring)
Stlth    ++........             (no ring)
HPRegen  0.11/turn              (no ring)
MPRegen  0.11/turn              (no ring)
                                (no ring)
                                (no ring)

@: very slow
A: almost no armour, stealthy swim, amphibious, 8 rings, constrict 8, camouflage
1, gelatinous body 1
a: Bend Time, Renounce Religion


You were on level 3 of the Dungeon.
You worshipped Cheibriados.
Cheibriados was noncommittal.
You were not hungry.

You visited 1 branch of the dungeon, and saw 3 of its levels.

You collected 109 gold pieces.

Inventory:

Missiles
 a - 28 arrows
Scrolls
 b - a scroll of random uselessness {unknown}
 d - 2 scrolls of fear {unknown}
 e - 3 scrolls of identify {unknown}
 i - 2 scrolls of remove curse {unknown}
 j - a scroll of magic mapping {unknown}
Potions
 f - a potion of invisibility {unknown}
 g - 2 potions of curing {unknown}
 h - a potion of mutation {unknown}
Comestibles
 c - 4 rations


   Skills:
 - Level 1.0 Fighting
 - Level 2.3 Dodging
 + Level 4.3 Unarmed Combat
 - Level 2.1 Spellcasting
 * Level 3.4 Transmutations


You had 5 spell levels left.
You knew the following spells:

 Your Spells              Type           Power        Failure   Level  Hunger
a - Beastly Appendage     Tmut           ##....       4%          1    #......
b - Sticks to Snakes      Tmut           ##......     8%          2    ###....

Your spell library contained the following spells:

 Spells                   Type           Power        Failure   Level  Hunger
 Spider Form              Tmut/Pois      #.........   30%         3    ###....
 Ice Form                 Ice/Tmut       #.......     69%         4    #####..
 Blade Hands              Tmut           ##........   80%         5    ######.


Dungeon Overview and Level Annotations

Branches:
Dungeon (3/15)

Altars:
Cheibriados
Okawaru


Innate Abilities, Weirdness & Mutations

You cannot wear most types of armour.
You are very stealthy in the water. (Stealth+)
You are amphibious.
You can wear up to eight rings at the same time.
You can use your tentacles to constrict eight enemies at once.
Your skin changes colour to match your surroundings (Stealth+).
Your rubbery body absorbs attacks. (AC +1, EV +1)


Message History

The ball python hisses angrily.
You grab the orc. Your squeeze misses the orc. You constrict the orc.
The orc misses you.
The orc shouts!
You tentacle-slap the orc. You grab the orc.
The orc is lightly wounded.
You constrict the orc.
You constrict the orc, but do no damage.
The frilled lizard misses you. The orc hits you with a +0 falchion.
The orc barely misses you.
You bludgeon the frilled lizard!
You kill the frilled lizard!
Cheibriados appreciates the change of pace.
You constrict the orc. x2; The orc misses you. x2
Unknown command.
You release your grip on the orc. x2; The orc barely misses you.
The orc closely misses you.
The orc priest calls down the wrath of Beogh upon you.
Beogh smites you!
You die... #.# .. #.# ... ... #.# ##### oS..

.... #.# ######.... .....
.....#'#####.......##.....g
....................<.#
..................)...#
##.........[.....S...##.
##..##.#####.)o@..o.o.. ##.
#.##......o.!....# #
#.##..))).##.......
#.##......##.....### #.
#...!..##.....#
#......######## #......#
#......# ......%.


You could see an orc priest, 3 orcs and a ball python.

Vanquished Creatures
  A hound (D:3)
  3 adders
  An ooze (D:1)
  A worm (D:2)
  3 dart slugs (D:1)
  2 leopard geckos
  5 orcs
  3 goblins
  6 hobgoblins
  6 bats
  3 frilled lizards
  8 kobolds
  6 rats
48 creatures vanquished.

Notes
Turn   | Place    | Note
-------+----------+-------------------------------------------
     0 | D:1      | vishdafish the Octopode Transmuter began the quest for the
                  | Orb.
     0 | D:1      | Reached XP level 1. HP: 13/13 MP: 3/3
   218 | D:1      | Reached XP level 2. HP: 16/18 MP: 5/5
   971 | D:1      | Reached XP level 3. HP: 20/23 MP: 6/6
  1247 | D:1      | Learned a level 2 spell: Sticks to Snakes
  1298 | D:2      | Found an iron altar of Okawaru.
  1565 | D:2      | Reached skill level 4 in Unarmed Combat
  1601 | D:2      | Found a snail-covered altar of Cheibriados.
  1606 | D:2      | Became a worshipper of Cheibriados the Contemplative
  1688 | D:2      | Reached XP level 4. HP: 13/28 MP: 7/7
  2357 | D:3      | Reached XP level 5. HP: 15/33 MP: 8/8
  2365 | D:3      | Killed from afar by an orc priest

Skill      XL: |  1  2  3  4 |
---------------+-------------+-----
Unarmed Combat | 4 |  4.3
Transmutations | 3 |  3.4
Fighting       | |  1.0
Dodging        | |  2.3
Spellcasting   | |  2.1

Action                   |  1- 3 |  4- 6 || total
-------------------------+-------+-------++-------
Melee: Unarmed           |    75 |    38 ||   113
       Constrict         |    21 |    14 ||    35
       Tentacles         |    10 |    10 ||    20
       Punch             |     3 |     2 ||     5
 Stab: Sleeping          |     1 |     2 ||     3
  Eat: Chunk             |     2 |       ||     2
       Ration            |       |     1 ||     1
Armor: Skin              |     8 |       ||     8
Dodge: Dodged            |    56 |    31 ||    87
